Map: Submarine LE

Players

Serral - Winner!

  • Race: Zerg Zerg
  • Spawn Location: 11:00

PtitDrogo

  • Race: Protoss Protoss
  • League: Master
  • Spawn Location: 5:00

Event: StayAtHomestory Cup #2

VOD

Have the link to the VOD?

Description

Time

  • Played on: June 12, 2020, 3:38 p.m.
  • Length: 8:19

All games in this series

Show
View Real Time Build Order
Export as new Build Order

Serral Zerg - Winner!

Build Orders: Pool First 

Get SALT Encoding   

  12  0:17  Spawning Pool  
  11  0:21  Drone  
  11  0:26  Drone  
  13  0:30  Drone  
  14  0:42  Overlord  
  14  1:03  Zergling x4  
  16  1:04  Queen  
  16  1:05  Zergling x2  
  19  1:15  Zergling x2  
  20  1:34  Hatchery  
  20  1:35  Zergling x2  
  20  1:39  Drone  
  21  1:47  Overlord  
  21  1:59  Drone  
  22  2:07  Queen  
  24  2:10  Drone  
  24  2:11  Drone  
  24  2:13  Drone  
  27  2:17  Drone  
  28  2:24  Drone  
  27  2:34  Drone  
  28  2:46  Overlord  
  28  2:47  Queen  
  28  2:48  Drone x2  
  28  2:49  Drone  
  33  2:56  Drone  
  34  2:59  Drone  
  35  3:08  Zergling x2  
  35  3:10  Drone  
  35  3:11  Extractor x2  
  35  3:17  Overlord  
  35  3:20  Drone x3  
  35  3:26  Drone  
  39  3:30  Drone  
  40  3:39  Drone  
  40  3:41  Drone  
  40  3:47  Drone  
  42  3:53  Overlord  
  42  3:55  Drone  
  42  3:56  Drone x2  
  42  3:57  Overlord  
  42  3:58  Queen  
  42  4:02  Drone  
  48  4:09  Drone  
  49  4:10  Lair  
  49  4:12  Extractor  
  49  4:13  Evolution Chamber, Drone  
  48  4:19  Drone  
  49  4:25  Drone x4, Roach Warren  
  49  4:27  Drone  
  49  4:28  Drone x2  
  55  4:32  Overlord  
  55  4:38  Zerg Missile Weapons Level 1  
  55  4:39  Drone  
  55  4:43  Drone  
  57  4:57  Hatchery  
  56  5:06  Roach x6  
  68  5:07  Glial Reconstitution  
  68  5:14  Metabolic Boost  
  68  5:17  Overlord  
  68  5:19  Roach  
  68  5:20  Roach  
  72  5:24  Overlord  
  72  5:28  Overlord  
  72  5:34  Spore Crawler  
  71  5:38  Overlord  
  71  5:39  Roach x2  
  71  5:41  Overlord  
  75  5:46  Roach x2  
  75  5:47  Roach  
  81  5:55  Roach x2  
  81  5:56  Roach  
  89  5:57  Roach  
  89  6:03  Drone x2  
  89  6:04  Drone  
  92  6:09  Drone x3  
  92  6:10  Drone  
  95  6:20  Drone, Overlord  
  95  6:21  Drone x2  
  95  6:25  Overlord  
  97  6:28  Drone  
  97  6:29  Drone  
  97  6:30  Drone  
  97  6:32  Roach  
  101  6:36  Roach x2  
  105  6:41  Extractor, Roach x2  
  107  6:49  Roach x3  
  107  6:53  Overlord  
  113  6:56  Roach  
  113  6:57  Roach x2  
  113  7:02  Roach x3  
  113  7:06  Overlord  
  115  7:09  Roach x3  
  113  7:15  Roach, Zergling x2  
  113  7:16  Roach, Zergling x2  
  119  7:23  Roach x4  
  119  7:29  Queen  
  123  7:31  Zergling x6  
  123  7:35  Ravager  
  123  7:36  Ravager  
  130  7:39  Zergling x12  
  136  7:45  Overseer  
  136  7:47  Ravager x2  
  136  7:48  Zergling x8  
  142  7:54  Zergling x2  
  142  7:55  Zergling x6  
  146  7:58  Overlord x2  
Show
View Real Time Build Order
Export as new Build Order

PtitDrogo Protoss 

Build Orders: Archon Immortal, Archon Drop 

Get SALT Encoding   

  12  0:00  Probe  
  13  0:13  Pylon  
  13  0:15  Probe  
  14  0:24  Probe  
  15  0:32  Probe  
  15  0:39  Gateway  
  16  0:44  Probe  
  16  0:49  Assimilator  
  17  0:56  Probe  
  18  1:01  Pylon  
  18  1:08  Probe  
  19  1:15  Pylon  
  19  1:18  Gateway  
  19  1:22  Probe  
  19  1:24  Zealot  
  20  1:31  Cybernetics Core  
  20  1:37  Pylon  
  20  1:39  Probe  
  23  1:50  Zealot  
  25  2:07  Adept  
  27  2:16  Pylon  
  27  2:17  Adept  
  24  2:30  Pylon  
  24  2:31  Pylon  
  24  2:38  Cybernetics Core  
  24  2:44  Cybernetics Core  
  24  2:46  Zealot  
  26  2:52  Nexus  
  26  2:54  Probe  
  27  3:01  Zealot  
  29  3:08  Probe  
  30  3:16  Probe  
  30  3:19  Assimilator  
  30  3:21  Warp Gate  
  30  3:24  Probe  
  31  3:30  Twilight Council  
  32  3:34  Probe  
  33  3:46  Probe  
  34  3:52  Robotics Facility  
  34  3:58  Probe  
  34  4:00  Probe  
  35  4:08  Probe  
  36  4:10  Probe  
  36  4:14  Charge  
  38  4:18  Probe  
  38  4:19  Probe  
  40  4:26  Pylon  
  40  4:27  Probe  
  40  4:30  Probe  
  41  4:37  Probe  
  42  4:40  Warp Prism  
  42  4:43  Probe  
  46  4:49  Probe  
  47  4:55  Probe, Templar Archives  
  47  4:58  Gateway  
  47  4:59  Gateway  
  48  5:01  Probe  
  48  5:06  Assimilator  
  49  5:07  Probe  
  49  5:08  Assimilator  
  49  5:11  Stalker  
  49  5:13  Sentry, Probe  
  55  5:15  Probe  
  56  5:24  Probe  
  56  5:25  Probe  
  58  5:33  Probe  
  58  5:35  Pylon  
  58  5:37  Probe  
  60  5:45  Immortal  
  60  5:55  Nexus  
  60  5:56  Probe x2  
  66  5:59  Pylon  
  66  6:06  Gateway  
  66  6:08  Gateway  
  66  6:12  Probe  
  67  6:22  Immortal  
  67  6:24  High Templar x4  
  74  6:29  Archon x2  
  78  6:34  Pylon  
  78  6:35  Pylon  
  78  6:37  Pylon  
  68  7:02  Nexus  
  68  7:04  High Templar x2, Zealot  
  68  7:05  Pylon, Zealot x3  
  68  7:07  Immortal  
  80  7:09  Archon  
  70  7:19  Pylon  
  72  7:28  Sentry x2  
  72  7:29  Zealot x2  
  78  7:30  Probe  
  78  7:36  Probe  
  80  7:39  Immortal  
  80  7:42  Probe  
  81  7:45  Shield Battery  
  81  7:51  Zealot x3  
  91  7:56  Sentry x2  
  85  8:06  Zealot  
  77  8:13  Zealot  
  77  8:14  Zealot  
Tags
 
Add a new tag
Caveats
  • Supply blocks, unpowered buildings, or Contaminate may cause inaccurate times.
  • Supply counts are checked every 10 seconds.